 Dungeon Crawl Stone Soup version 0.30-a0-142-g7370640ec8 (webtiles) character file.

Game seed: 9252121405068073180

5253 Decritt the Nimble (level 10, -23/53 HPs)
             Began as a Spriggan Hunter on Sept 26, 2022.
             Was a Priest of Fedhas.
             Shot with an arrow by a centaur warrior (26 damage)
             ... on level 8 of the Dungeon.
             The game lasted 00:22:34 (11757 turns).

Decritt the Nimble (Spriggan Hunter)               Turns: 11757, Time: 00:22:35

Health: -23/53     AC:  6    Str:  7    XL:     10   Next: 36%
Magic:  14/14      EV: 27    Int: 11    God:    Fedhas [***...]
Gold:   428        SH:  0    Dex: 23    Spells: 9/9 levels left

rFire   . . .      SeeInvis +    a - +0 shortbow
rCold   . . .      Faith    .    (shield currently unavailable)
rNeg    . . .      Spirit   .    h - +1 robe "Beolikho" {+Blink rPois}
rPois   +          Reflect  .    (helmet restricted)
rElec   .          Harm     .    p - +2 cloak {Will+}
rCorr   .          Rampage  .    (gloves unavailable)
Will    +++..                    (boots unavailable)
Stlth   ++++......               (no amulet)
HPRegen 0.17/turn                s - ring of willpower
MPRegen 0.14/turn                (no ring)

@: very quick
A: very small, no large weapons, unfitting armour, see invisible, speed 3
a: Renounce Religion, Evoke Blink, Wall of Briars, Grow Ballistomycete


You were on level 8 of the Dungeon.
You worshipped Fedhas.
Fedhas was most pleased with you.
You visited 2 branches of the dungeon, and saw 9 of its levels.
You also visited: Ossuary.

You collected 428 gold pieces.

Inventory:

Hand Weapons
 a - a +0 shortbow (weapon)
Armour
 h - the +1 robe "Beolikho" (worn) {+Blink rPois}
   (You found it on level 7 of the Dungeon)

   rPois:     It protects you from poison.
   +Blink:    It lets you blink.
 j - +1 steam dragon scales
 p - a +2 cloak of willpower (worn)
Jewellery
 d - a ring of wizardry
 s - a ring of willpower (left hand)
Wands
 g - a wand of iceblast (7)
 v - a wand of flame (27)
Scrolls
 b - 3 scrolls of immolation
 e - 6 scrolls of teleportation
 f - a scroll of torment {unknown}
 l - a scroll of fog
 m - 2 scrolls of poison
 t - a scroll of silence
 y - 2 scrolls of fear
Potions
 c - a potion of experience {unknown}
 i - a potion of haste
 k - a potion of ambrosia {unknown}
 n - 4 potions of curing
 o - a potion of flight {unknown}
 q - a potion of attraction {unknown}
 r - a potion of heal wounds
 x - a potion of mutation
 z - a potion of magic


   Skills:
 * Level 6.6 Fighting
 * Level 8.8 Ranged Weapons
 * Level 10.4 Dodging
 + Level 8.7 Stealth
 + Level 4.5 Invocations
 - Level 3.0 Evocations


You had 9 spell levels left.
You didn't know any spells.
Your spell library contained the following spells:

 Spells                   Type           Power      Damage    Failure   Level
 Freeze                   Ice            0%         1d3       34%         1
 Blink                    Tloc           0%         N/A       47%         2
 Static Discharge         Conj/Air       0%         2-2/arc   47%         2
 Frozen Ramparts          Ice            0%         1d1       71%         3
 Dispel Undead            Necr           0%         3d6       98%         4
 Hailstorm                Conj/Ice       0%         3d3       98%         4
 Manifold Assault         Tloc           0%         N/A       98%         4
 Sticky Flame             Conj/Fire      0%         2d3       98%         4
 Storm Form               Tmut/Air       0%         N/A       100%        7


Dungeon Overview and Level Annotations

Branches:
Dungeon (8/15)             Temple (1/1) D:4         Ossuary (visited)
   Lair: D:8-11

Altars:
Ashenzari
Cheibriados
Dithmenos
Elyvilon
Fedhas
Hepliaklqana
Makhleb
Nemelex Xobeh
Ru
Sif Muna
Trog
Uskayaw
Vehumet
Wu Jian
Xom
Zin
The Shining One


Innate Abilities, Weirdness & Mutations

You are very small and have problems with some larger weapons.
You are too small for most types of armour.
You have supernaturally acute eyesight. (SInv)
You cover ground extremely quickly. (Speed+++)


Message History

No target in view!
You shoot an arrow. The arrow hits the ice beast.
The ice beast is moderately wounded.
You shoot an arrow. The arrow closely misses the ice beast.
You shoot an arrow. The arrow barely misses the ice beast.
You shoot an arrow. The arrow hits the ice beast!
The ice beast is heavily wounded.
You shoot an arrow. The arrow hits the ice beast.
The ice beast is severely wounded.
The ice beast misses you.
An orc wizard comes into view. It is wielding a +0 dagger.
You shoot an arrow. The arrow closely misses the ice beast.
The arrow hits the troll.
The troll is lightly wounded.
You hear a shout!
The centaur warrior wields a +1 vorpal longbow.
The centaur warrior shoots an arrow.
The arrow closely misses you.
You shoot an arrow. The arrow barely misses the ice beast.
The arrow hits the troll.
The troll is moderately wounded.
The ice beast completely misses you.
The centaur warrior shoots an arrow.
The arrow barely misses you.
You shoot an arrow. The arrow hits the ice beast.
The ice beast is severely wounded.
The orc wizard gestures wildly while chanting.
The orc wizard flickers and vanishes for a moment.
You shoot an arrow. The arrow hits the ice beast!
You kill the ice beast!
Fedhas accepts your kill.
The centaur warrior shoots an arrow.
The arrow completely misses you.
The centaur warrior shoots an arrow.
The arrow misses you. The troll closely misses you.
The troll completely misses you. x2
The centaur warrior shoots an arrow.
The arrow hits you!!
You shoot an arrow. The arrow barely misses the troll.
The centaur warrior shoots an arrow.
The arrow hits you!!
* * * LOW HITPOINT WARNING * * *
* * * LOW HITPOINT WARNING * * *
The centaur warrior shoots an arrow.
The arrow hits you!!
You die...
Fedhas appreciates your contribution to the ecosystem.

#....#........#..#....##
#....#....##.#....#.(.##
#...o#######.#.....##...
########....# #............#.
#..........o# #....#####...#.
#........[..#####....#########.
#...........c...#........#..)..
#.......##).....####........###
#.......##...T@...#.........###
#.......#######.#.#..[.>....##.
###.......#######.#)#.....)...##.
................#.#.#.........##.
....#####.......#.#.#...[.....##.
....# ###.........#.#.........###
....# #.......#'###......)....###
....# #..........##..............
....# #......[...##..............


You could see a centaur warrior, a troll and an orc wizard (invisible).

Vanquished Creatures
  Pikel (D:7)
  Joseph (D:7)
  2 wyverns (D:8)
  5 yaks
  A steam dragon (D:6)
  A water moccasin (D:8)
  3 sky beasts
  3 orc warriors
  5 black bears
  2 ice beasts
  An ogre (D:7)
  3 lemures (D:7)
  A phantom (D:4)
  3 kobold brigands
  An elf zombie (Ossuary)
  A bullfrog (D:6)
  A gnoll sergeant (D:8)
  A necrophage (D:5)
  3 scorpions
  7 wights (D:8)
  A howler monkey (D:4)
  A centaur zombie (Ossuary)
  Crazy Yiuf (D:2)
  A human zombie (Ossuary)
  A gnoll bouda (D:7)
  An orc priest (D:7)
  A hound (D:6)
  7 iguanas
  3 orc wizards
  2 mummies (Ossuary)
  14 gnolls
  11 adders
  3 white imps (D:6)
  An ufetubus (D:4)
  2 adder zombies (Ossuary)
  2 worms
  2 dart slugs
  21 orcs
  10 ball pythons
  3 bats
  An endoplasm (D:4)
  4 giant cockroaches
  6 goblins
  5 hobgoblins
  3 jackals (D:2)
  21 kobolds
  2 quokkas
  A frilled lizard (D:2)
  A goblin zombie (Ossuary)
  13 hobgoblin zombies (Ossuary)
  2 jackal zombies (Ossuary)
  8 kobold zombies (Ossuary)
  4 orc zombies (Ossuary)
  3 rats
  4 rat zombies (Ossuary)
212 creatures vanquished.

Vanquished Creatures (others)
  2 fungi (D:2)
2 creatures vanquished.

Grand Total: 214 creatures vanquished

Notes
Turn   | Place    | Note
-------+----------+-------------------------------------------
     0 | D:1      | Decritt the Spriggan Hunter began the quest for the Orb.
     0 | D:1      | Reached XP level 1. HP: 10/10 MP: 2/2
   365 | D:1      | Reached skill level 3 in Dodging
   484 | D:1      | Reached XP level 2. HP: 15/15 MP: 3/3
   775 | D:2      | Reached XP level 3. HP: 10/18 MP: 4/4
  1119 | D:2      | Reached XP level 4. HP: 23/23 MP: 5/5
  1303 | D:2      | Found a runed translucent door.
  1304 | D:2      | Noticed Crazy Yiuf
  1359 | D:2      | Killed Crazy Yiuf
  1360 | D:2      | Reached skill level 4 in Dodging
  1494 | D:3      | Noticed a floating eye
  1496 | D:3      | Found a faded altar of an unknown god.
  1498 | D:3      | Noticed a floating eye
  1498 | D:3      | Noticed a floating eye
  1498 | D:3      | Noticed a shining eye
  1808 | D:3      | Reached XP level 5. HP: 24/27 MP: 6/6
  2279 | D:4      | Reached skill level 5 in Ranged Weapons
  2426 | D:4      | Noticed a phantom
  2455 | D:4      | Killed a phantom
  2456 | D:4      | Reached skill level 5 in Dodging
  2456 | D:4      | Reached XP level 6. HP: 23/32 MP: 7/7
  2829 | D:4      | Found a white marble altar of Elyvilon.
  2856 | D:4      | Found a staircase to the Ecumenical Temple.
  2863 | Temple   | Entered the Ecumenical Temple
  2886 | Temple   | Became a worshipper of Fedhas Madash
  3249 | D:5      | Entered Level 5 of the Dungeon
  3283 | D:5      | Found a sand-covered staircase.
  3320 | D:5      | Reached skill level 1 in Invocations
  3320 | D:5      | Reached XP level 7. HP: 19/36 MP: 8/8
  3456 | Ossuary  | Entered an ossuary
  3526 | Ossuary  | Reached * piety under Fedhas
  3691 | Ossuary  | Reached skill level 6 in Dodging
  3861 | Ossuary  | Reached ** piety under Fedhas
  4103 | D:5      | Reached skill level 5 in Stealth
  5626 | D:6      | Reached XP level 8. HP: 22/42 MP: 10/10
  5864 | D:6      | Reached skill level 7 in Dodging
  7440 | D:7      | Identified the +1 robe "Beolikho" {+Blink rPois}
  7498 | D:7      | Reached skill level 5 in Fighting
  7498 | D:7      | Reached skill level 8 in Dodging
  7684 | D:7      | Noticed Joseph
  7737 | D:7      | Killed Joseph
  7738 | D:7      | Reached skill level 1 in Evocations
  7738 | D:7      | Reached XP level 9. HP: 32/47 MP: 9/12
  7777 | D:7      | Noticed Pikel
  8099 | D:7      | Killed Pikel
  8555 | D:7      | Reached skill level 9 in Dodging
  9116 | D:7      | Found a hazy altar of Hepliaklqana.
  9735 | D:7      | Reached *** piety under Fedhas
  9836 | D:7      | Reached XP level 10. HP: 53/53 MP: 14/14
 10176 | D:8      | Reached skill level 10 in Dodging
 11728 | D:8      | Noticed a centaur warrior
 11757 | D:8      | Shot with an arrow by a centaur warrior

Illustrated notes

Levels and vault maps discovered:
D:1:      onia_arrival_mini_maze_b, layout_loops_ring, minmay_domino_4
D:2:      layout_rooms, uniq_crazy_yiuf_cottage
D:3:      layout_loops_cross, hellmonk_ecumenical_altar_watching_god
D:4:      layout_basic, lemuel_coloured_pillars_altar, temple_doors_e
D:5:      layout_basic, nicolae_ossuary_entry_ruins
D:6:      layout_basic
D:7:      layout_basic, worldfamousw_hep_ancestral_shrine, uniq_joseph,
          uniq_pikel
D:8:      minmay_chambers_of_sixes, layout_basic, minmay_misc_feat_chi
Temple:   hellmonk_temple_two_chambers

Skill      XL: |  1  2  3  4  5  6  7  8  9 10 |
---------------+-------------------------------+-----
Dodging        | 3 4 5 6 8 9 10 | 10.4
Fighting       | 2 3 4 5 6 |  6.6
Stealth        | 2 3 4 5 7 8 |  8.7
Ranged Weapons | 5 6 7 8 |  8.8
Invocations    | 1 2 3 4 |  4.5
Evocations     | 1 3 |  3.0

Action                   |  1- 3 |  4- 6 |  7- 9 | 10-12 || total
-------------------------+-------+-------+-------+-------++-------
 Fire: Shortbow          |    76 |   153 |   635 |   211 ||  1075
Invok: Wall of Briars    |       |       |     3 |       ||     3
 Abil: Evoke Blink       |       |       |     3 |       ||     3
  Use: Scroll            |       |     7 |    13 |       ||    20
       Potion            |       |       |     1 |       ||     1
Armor: Robe              |     2 |     2 |    40 |     6 ||    50
Dodge: Dodged            |    19 |    48 |   275 |   107 ||   449

Table legend: (Time is in decaauts)
 A = Elapsed time spent in this place.
 B = Non-inter-level travel time spent in this place.
 C = Inter-level travel time spent in this place.
 D = Time resting spent in this place.
 E = Time spent auto-exploring this place.
 F = Levels seen in this place.
 G = Mean time per level.
                   A        B        C        D        E       F      G
               +--------+--------+--------+--------+--------+-----+--------+
         Total |   9452 |   9304 |    148 |   3468 |   3541 |  10 |  945.2 |
       Dungeon |   8902 |   8758 |    144 |   3348 |   3375 |   8 | 1112.8 |
        Temple |     18 |     14 |      4 |      0 |      0 |   1 |   18.0 |
       Ossuary |    530 |    530 |      0 |    120 |    166 |   1 |  530.0 |
               +--------+--------+--------+--------+--------+-----+--------+

Top non-repeatable levels by time:
     D:6: 2230 daAuts
     D:7: 2177 daAuts
     D:5: 1331 daAuts
     D:8: 866 daAuts
     D:2: 713 daAuts
     D:4: 683 daAuts
 Ossuary: 530 daAuts
     D:1: 465 daAuts
     D:3: 435 daAuts
  Temple: 18 daAuts
